 Dungeon Crawl Stone Soup version 0.27-a0-1136-g0b992a5a9d (webtiles) character file.

Game seed: 16727482461503084803

210 kae the Chopper (level 5, -6/47 HPs)
             Began as a Hill Orc Fighter on May 4, 2021.
             Mangled by a wraith (10 damage)
             ... in an ossuary.
             The game lasted 00:01:57 (3553 turns).

kae the Chopper (Hill Orc Fighter)                  Turns: 3553, Time: 00:01:57

Health: -6/47      AC:  7    Str: 26    XL:     5   Next: 87%
Magic:  5/5        EV:  7    Int:  8    God:
Gold:   142        SH:  9    Dex: 10    Spells: 4/4 levels left

rFire    . . .     SeeInvis +   a - +0 war axe
rCold    . . .     Faith    .   c - +0 kite shield
rNeg     . . .     Spirit   .   b - +0 scale mail
rPois    .         Reflect  .   (no helmet)
rElec    .         Harm     .   (no cloak)
rCorr    .         Rampage  .   (no gloves)
Will     .....                  (no boots)
Stlth    ..........             (no amulet)
HPRegen  0.15/turn              f - ring of see invisible
MPRegen  0.09/turn              h - +6 ring of strength

@: mighty, slowed, very slow
A: no striking features
a: no special abilities


You were in an ossuary.
You visited 1 branch of the dungeon, and saw 4 of its levels.
You also visited: Ossuary.

You collected 142 gold pieces.

Inventory:

Hand Weapons
 a - a +0 war axe (weapon)
Missiles
 i - 8 atropa-tipped darts (quivered)
Armour
 b - a +0 scale mail (worn)
 c - a +0 kite shield (worn)
Jewellery
 f - a ring of see invisible (left hand)
 h - a +6 ring of strength (right hand)
Scrolls
 m - a scroll of fog {unknown}
Potions
 e - a potion of curing
 g - 2 potions of haste
 j - a potion of invisibility {unknown}
 k - 2 potions of resistance {unknown}
 l - 2 potions of berserk rage {unknown}
 n - a potion of heal wounds {unknown}


   Skills:
 + Level 4.9 Fighting
 * Level 5.8 Axes
 + Level 4.5 Armour
 - Level 3.2 Shields


You had 4 spell levels left.
You didn't know any spells.
Your spell library was empty.

Dungeon Overview and Level Annotations

Branches:
Dungeon (4/15)            Ossuary (1/1)
 Temple: D:4-7

Altars:

Shops:
D:2 :

Annotations:
D:3 2 transporters, Cralpanu's ghost, amateur NaFE


Message History

You completely miss the wraith.
The wraith is moderately damaged.
The wraith hits you! The wraith drains your vigour!
You feel as though you will be slow longer.
You block the wraith's attack. The wraith hits you.
You are too injured to fight recklessly!
You are too injured to fight recklessly!
You are too injured to fight recklessly!
You are too injured to fight recklessly!
You are too injured to fight recklessly!
You hit the wraith but do no damage.
The wraith is moderately damaged.
You block the wraith's attack. x2
You hit the wraith but do no damage.
The wraith is moderately damaged.
You block the wraith's attack. The wraith hits you but does no damage.
You hit the wraith.
The wraith is moderately damaged.
You block the wraith's attack. The wraith hits you.
The wraith drains your vigour!
You feel as though you will be slow longer.
You hit the wraith but do no damage.
The wraith is moderately damaged.
You block the wraith's attack. The wraith hits you but does no damage.
You feel very mighty all of a sudden. The wraith hits you.
You block the wraith's attack.
You barely miss the wraith.
The wraith is moderately damaged.
The wraith hits you!
* * * LOW HITPOINT WARNING * * *
The wraith drains your vigour!
You feel as though you will be slow longer.
The wraith hits you!
* * * LOW HITPOINT WARNING * * *
The wraith drains your vigour!
You feel as though you will be slow longer.
You slash the wraith!
The wraith is heavily damaged.
You block the wraith's attack. The wraith hits you!
You die...

#.................^....
#..........^...........
#..####......###......#
#..# +...8...# #...8...
#..####......#+#......#
#.......^.^..#.#.......
#...............^..^...
#..####.####.....####.#
#..#?W@.# +...8...+ #..
#..####.####.....####.#
#......................
#...^........#^#.......
#..####......#+#....^.#
#..#.'...8...# #...8...
#..####......###......#
#.^....................
#...........^.......^..


You could see a wraith.

Vanquished Creatures
  An iguana (D:4)
  2 mummies (Ossuary)
  5 adders
  A dart slug (D:3)
  3 orcs
  6 endoplasms
  5 giant cockroaches
  2 gnoll zombies (Ossuary)
  6 goblins
  7 hobgoblins
  11 jackals
  8 kobolds
  4 quokkas
  9 ball pythons
  9 bats
  3 frilled lizards
  2 goblin zombies (Ossuary)
  2 hobgoblin zombies (Ossuary)
  2 kobold zombies (Ossuary)
  An orc zombie (Ossuary)
  A quokka zombie (D:4)
  10 rats
  A rat zombie (D:4)
101 creatures vanquished.

Vanquished Creatures (others)
  6 plants (D:3)
6 creatures vanquished.

Grand Total: 107 creatures vanquished

Notes
Turn   | Place    | Note
-------+----------+-------------------------------------------
     0 | D:1      | kae the Hill Orc Fighter began the quest for the Orb.
     0 | D:1      | Reached XP level 1. HP: 19/19 MP: 1/1
    36 | D:1      | Reached skill level 3 in Axes
   160 | D:1      | Reached XP level 2. HP: 25/27 MP: 2/2
   433 | D:1      | You fall into a shaft and drop 1 floor!
   462 | D:1      | Reached XP level 3. HP: 33/33 MP: 3/3
   749 | D:1      | Found a faded altar of an unknown god.
   819 | D:1      | Reached skill level 4 in Axes
  1038 | D:2      | Reached XP level 4. HP: 25/40 MP: 4/4
  1487 | D:2      | Found Sixelusa's Book Emporium.
  2216 | D:3      | Reached skill level 5 in Axes
  2261 | D:3      | Reached XP level 5. HP: 43/47 MP: 5/5
  2421 | D:3      | Found a transporter.
  2439 | D:3      | Identified the +8 halberd of No Interval {pain, rPois rC+++
                  | Dex-5 Stlth+}
  2490 | D:3      | Noticed Cralpanu's ghost (amateur NaFE)
  2561 | D:3      | Found a transporter.
  3040 | D:4      | Found a sand-covered staircase.
  3053 | Ossuary  | Entered an ossuary
  3053 | Ossuary  | Noticed a wraith
  3053 | Ossuary  | Noticed a wraith
  3053 | Ossuary  | Noticed a wraith
  3543 | Ossuary  | Noticed a wraith
  3553 | Ossuary  | Mangled by a wraith

Illustrated notes

Levels and vault maps discovered:
D:1:      minmay_arrival_up_and_down, layout_loops_ring,
          hellmonk_ecumenical_altar_prayer_group
D:2:      layout_basic, serial_shops, shop
D:3:      layout_basic, gammafunk_ghost_gnarly_gnolls, lightli_corner_chamber
D:4:      layout_layer_cave, enter_ossuary_4
Ossuary:  ossuary_kennysheep_city_of_the_dead

Skill      XL: |  1  2  3  4 |
---------------+-------------+-----
Axes           | 3 4 5 |  5.8
Fighting       | 4 |  4.9
Armour         | 4 |  4.5
Shields        | |  3.2

Action                   |  1- 3 |  4- 6 || total
-------------------------+-------+-------++-------
Melee: War axe           |   116 |   178 ||   294
  Use: Scroll            |     2 |     3 ||     5
       Potion            |       |     1 ||     1
Armor: Scale mail        |    93 |    83 ||   176
Dodge: Dodged            |    53 |    46 ||    99
Block: Kite shield       |    84 |   101 ||   185

Table legend: (Time is in decaauts)
 A = Elapsed time spent in this place.
 B = Non-inter-level travel time spent in this place.
 C = Inter-level travel time spent in this place.
 D = Time resting spent in this place.
 E = Time spent auto-exploring this place.
 F = Levels seen in this place.
 G = Mean time per level.
                   A        B        C        D        E       F      G
               +--------+--------+--------+--------+--------+-----+--------+
         Total |   3710 |   3590 |    120 |    287 |   2547 |   5 |  742.0 |
       Dungeon |   3188 |   3068 |    120 |    106 |   2291 |   4 |  797.0 |
       Ossuary |    522 |    522 |      0 |    181 |    256 |   1 |  522.0 |
               +--------+--------+--------+--------+--------+-----+--------+

Top non-repeatable levels by time:
     D:3: 1179 daAuts
     D:1: 1132 daAuts
     D:2: 765 daAuts
 Ossuary: 522 daAuts
     D:4: 110 daAuts
